 Dungeon Crawl Stone Soup version 0.17.1-3-g152610e (console) character file.

110 Sehdowjr the Conjurer (level 4, -2/24 HPs)
             Began as a Deep Elf Conjurer on Mar 10, 2016.
             Slain by a hobgoblin
             ... wielding a +0 club
              (3 damage)
             ... on level 2 of the Dungeon.
             The game lasted 00:10:03 (1652 turns).

Sehdowjr the Conjurer (Deep Elf Conjurer)           Turns: 1652, Time: 00:10:03

Health: -2/24      AC:  2    Str:  5    XL:     4   Next: 61%
Magic:  13/13      EV: 13    Int: 21    God:
Gold:   23         SH:  0    Dex: 15    Spells: 1 memorised, 12 levels left

rFire  . . .     SeeInvis .     (no weapon)
rCold  . . .     Clarity  .     a - +0 robe
rNeg   . . .     SustAt   .     (no shield)
rPois  .         Gourm    .     (no helmet)
rElec  .         Spirit   .     (no cloak)
rCorr  .         Warding  .     (no gloves)
rMut   .         Stasis   .     (no boots)
MR     .....                    (no amulet)
Stlth  ++........               (no ring)
                                (no ring)

@: flying, very slightly contaminated, hasted, very quick, not resistant to
hostile enchantments, unstealthy
A: no striking features
a: no special abilities


You were on level 2 of the Dungeon.
You were very hungry.

You visited 1 branch of the dungeon, and saw 2 of its levels.

You collected 23 gold pieces.

Inventory:

Armour
 a - a +0 robe (worn)
Scrolls
 d - a scroll of remove curse {unknown}
 e - a scroll of enchant armour {unknown}
 h - a scroll of immolation {unknown}
 k - a scroll of magic mapping {unknown}
Books
 b - a book of Conjurations

   Spells                             Type                      Level
   a - Magic Dart                     Conjuration                  1
   b - Searing Ray                    Conjuration                  2
   c - Dazzling Spray                 Conjuration/Hexes            3
   d - Fulminant Prism                Conjuration/Hexes            4
   e - Iskenderun's Mystic Blast      Conjuration                  4
   f - Iskenderun's Battlesphere      Conjuration/Charms           5
Comestibles
 c - a bread ration
 f - a meat ration


   Skills:
 - Level 2.4 Dodging
 - Level 2.5 Stealth
 + Level 5.0 Spellcasting
 + Level 5.6 Conjurations


You had 12 spell levels left.
You knew the following spells:

 Your Spells              Type           Power        Failure   Level  Hunger
a - Magic Dart            Conj           ####         1%          1    None


Dungeon Overview and Level Annotations

Branches:
Dungeon (2/15)

Altars:
Makhleb
Qazlal
Sif Muna
Yredelemnul


Message History

Read which item? (? for menu, Esc to quit)
Okay, then.
Drink which item? (? for menu, Esc to quit)
It was a potion of haste.
You feel yourself speed up. The jackal barely misses you. The jackal bites you.
* * * LOW HITPOINT WARNING * * *
The hobgoblin closely misses you. The jackal barely misses you.
The jackal closely misses you.
You are very lightly contaminated with residual magic.
Drink which item? (? for menu, Esc to quit)
It was a potion of magic.
Magic courses through your body. The jackal completely misses you.
The jackal bites you.
* * * LOW HITPOINT WARNING * * *
Drink which item? (? for menu, Esc to quit)
It was a potion of flight.
You feel very buoyant.
You fly up into the air.
The jackal bites you.
* * * LOW HITPOINT WARNING * * *
The hobgoblin hits you with a club.
You die...

#.....h....
####.#.#### # #.#
#.# #.# #.# ..#
#h# ######.#####
#.# #..h@g......
#g# #.##hhh#####
#s# #s##b..# #.#
#.##...# #.#
#g##...#########h#
#..%....h..†.†...#
####.###########.#
...# ### #####


You could see 4 jackals, a hobgoblin and a bat.

Vanquished Creatures
  3 adders (D:2)
  A gnoll (D:2)
  2 river rats (D:2)
  3 oozes (D:1)
  A worm (D:2)
  A giant gecko (D:2)
  2 bats (D:1)
  A giant cockroach (D:1)
  3 hobgoblins
  A jackal (D:2)
  3 kobolds
  2 ball pythons (D:1)
  3 giant newts (D:2)
  6 goblins
  A quokka (D:2)
  8 rats
41 creatures vanquished.

Notes
Turn   | Place    | Note
--------------------------------------------------------------
     0 | D:1      | Sehdowjr the Deep Elf Conjurer began the quest for the Orb.
     0 | D:1      | Reached XP level 1. HP: 10/10 MP: 6/6
   285 | D:1      | Reached XP level 2. HP: 15/15 MP: 5/8
   576 | D:1      | Reached skill level 5 in Conjurations
   659 | D:1      | Reached XP level 3. HP: 19/19 MP: 6/10
  1016 | D:2      | Found a stormy altar of Qazlal.
  1019 | D:2      | Found a basalt altar of Yredelemnul.
  1022 | D:2      | Found a burning altar of Makhleb.
  1027 | D:2      | Found a deep blue altar of Sif Muna.
  1451 | D:2      | Reached XP level 4. HP: 24/24 MP: 5/12
  1632 | D:2      | Reached skill level 5 in Spellcasting
  1652 | D:2      | HP: 1/24 [jackal (2)]
  1652 | D:2      | Slain by a hobgoblin

Action                   |  1- 3 |  4- 6 || total
-------------------------+-------+-------++-------
 Cast: Magic Dart        |    81 |    25 ||   106
  Use: Potion            |       |     3 ||     3
  Eat: Chunk             |     1 |       ||     1
